 Dungeon Crawl Stone Soup version 0.24-a0-164-g56e1b8f (webtiles) character file.

Game seed: 9768769889514793664

110 Lanoc the Shield-Bearer (level 5, 0/42 HPs)
             Began as a Formicid Fighter on Mar 7, 2019.
             Killed from afar by Ijyb (4 damage)
             ... with a wand of acid (2)
             ... on level 3 of the Dungeon.
             The game lasted 00:02:01 (1422 turns).

Lanoc the Shield-Bearer (Formicid Fighter)          Turns: 1422, Time: 00:02:01

Health: 0/42       AC:  7    Str: 20    XL:     5   Next: 14%
Magic:  5/5        EV:  8    Int:  8    God:
Gold:   100        SH:  9    Dex: 11    Spells: 4/4 levels left

rFire    . . .     SeeInvis +   a - +0 war axe
rCold    . . .     Gourm    .   c - +0 shield
rNeg     . . .     Faith    .   b - +0 scale mail
rPois    .         Spirit   .   (helmet unavailable)
rElec    .         Reflect  .   (no cloak)
rCorr    +         Harm     .   (no gloves)
MR       .....                  (no boots)
Stlth    ..........             (no amulet)
HPRegen  0.14/turn              i - ring of resist corrosion
MPRegen  0.09/turn              (no ring)

@: no status effects
A: permanent stasis, dig shafts and tunnels, four strong arms, antennae 3
a: Dig, Shaft Self


You were on level 3 of the Dungeon.
You were not hungry.

You visited 1 branch of the dungeon, and saw 3 of its levels.

You collected 100 gold pieces.

Inventory:

Hand Weapons
 a - a +0 war axe (weapon)
Armour
 b - a +0 scale mail (worn)
 c - a +0 shield (worn)
Jewellery
 i - a ring of resist corrosion (left hand)
Scrolls
 e - a scroll of immolation {unknown}
 g - 2 scrolls of random uselessness {unknown}
 h - a scroll of identify {unknown}
 l - a scroll of remove curse {unknown}
 n - a scroll of amnesia {unknown}
 p - 3 scrolls of magic mapping {unknown}
Potions
 d - 2 potions of might
 j - 2 potions of lignification {unknown}
 k - a potion of curing {unknown}
 m - 2 potions of brilliance {unknown}
Comestibles
 f - 7 rations
 o - 3 chunks of flesh


   Skills:
 + Level 3.8 Fighting
 * Level 3.2 Axes
 + Level 3.9 Armour
 + Level 1.3 Dodging
 + Level 4.2 Shields


You had 4 spell levels left.
You didn't know any spells.
Your spell library was empty.

Dungeon Overview and Level Annotations

Branches:
Dungeon (3/15)

Altars:

Annotations:
D:3 Ijyb


Innate Abilities, Weirdness & Mutations

You cannot be hasted, slowed, berserked, paralysed or teleported.
You can dig through walls and to a lower floor.
Your four strong arms can wield two-handed weapons with a shield.
You have a pair of large antennae on your head. (SInv)


Message History

Your shield and scale mail prevent you from hitting Ijyb.
Ijyb is heavily wounded.
You block Ijyb's attack. Ijyb hits you but does no damage.
You hit Ijyb.
Ijyb is heavily wounded.
You block Ijyb's attack.
You closely miss Ijyb.
Ijyb is heavily wounded.
You block Ijyb's attack.
You hit Ijyb.
Ijyb is severely wounded.
Ijyb closely misses you. x2
You hit Ijyb but do no damage.
Ijyb is severely wounded.
Ijyb hits you.
* * * LOW HITPOINT WARNING * * *
You hit Ijyb.
Ijyb is almost dead.
Ijyb zaps a wand.
The bolt of acid hits you. You resist.
You die...

#........# #.##
#####..#########(#
#.......##......#
#.##..#.##.#######
#.#..<#(##.....##.
#.#...#.######.##.
#.#...#.# #.##.
#.#...#.# #.##.
#@###.#.# #....
#.g...#.# ####.
#######.# #. #.#
#> #.# #. #.# #.
##'###### #.
#.......# #.
#..[....# #.


You could see Ijyb.

Vanquished Creatures
  An orc priest (D:3)
  3 adders
  An ooze (D:3)
  A worm (D:3)
  2 leopard geckos
  7 orcs (D:3)
  A giant cockroach (D:1)
  4 goblins
  5 hobgoblins
  2 jackals (D:2)
  2 kobolds
  A ball python (D:2)
  4 bats
  2 frilled lizards
  3 rats (D:3)
39 creatures vanquished.

Notes
Turn   | Place    | Note
-------+----------+-------------------------------------------
     0 | D:1      | Lanoc the Formicid Fighter began the quest for the Orb.
     0 | D:1      | Reached XP level 1. HP: 18/18 MP: 1/1
   320 | D:1      | Reached XP level 2. HP: 17/24 MP: 2/2
   438 | D:2      | Reached XP level 3. HP: 23/29 MP: 3/3
   686 | D:3      | Reached skill level 4 in Shields
   686 | D:3      | Reached XP level 4. HP: 20/36 MP: 4/4
   863 | D:3      | Reached skill level 1 in Dodging
   874 | D:3      | HP: 1/36 [orc priest/+0 hand axe (3)]
  1276 | D:3      | Reached XP level 5. HP: 35/42 MP: 5/5
  1411 | D:3      | Noticed Ijyb
  1422 | D:3      | Killed from afar by Ijyb

Levels and vault maps discovered:
D:1:      dpeg_arrival_shrine, layout_loops_corners
D:2:      layout_rooms, nicolae_ru_path_of_blood, first_ration,
          minmay_misc_feat_square, small_statue_intersection,
          minmay_pentomino_t2, uniq_sigmund, uniq_robin
D:3:      layout_basic, uniq_ijyb

Skill      XL: |  1  2  3  4 |
---------------+-------------+-----
Shields        | 4 |  4.2
Dodging        | 1 |  1.3
Axes           | 3 |  3.2
Fighting       | |  3.8
Armour         | |  3.9

Action                   |  1- 3 |  4- 6 || total
-------------------------+-------+-------++-------
Melee: War axe           |    93 |    53 ||   146
  Eat: Chunk             |       |     2 ||     2
Armor: Scale mail        |    52 |    14 ||    66
Dodge: Dodged            |    48 |    16 ||    64
Block: Shield            |    67 |    26 ||    93

Table legend:
 A = Non-vault XP
 B = Vault XP
 C = Vault XP percentage of total XP
 D = Non-vault monster count
 E = Vault monster count
 F = Vault count percentage of total count
                 A         B        C        D         E       F
            +---------+---------+-------+---------+---------+-------
      Total |     142 |      16 |  10.1 |      37 |       2 |   5.1
            +---------+---------+-------+---------+---------+-------
        D:1 |      10 |       0 |   0.0 |       6 |       0 |   0.0
        D:2 |      17 |      16 |  48.5 |       9 |       2 |  18.2
        D:3 |     115 |       0 |   0.0 |      22 |       0 |   0.0
            +---------+---------+-------+---------+---------+-------
